 Dungeon Crawl Stone Soup version 0.21.0-37-g46506fa (webtiles) character file.

167 komo4ek the Charlatan (level 5, -4/25 HPs)
             Began as a Vine Stalker Artificer on Jan 30, 2018.
             Slain by Crazy Yiuf
             ... wielding a +3 quarterstaff of chaos
              (9 damage)
             ... on level 2 of the Dungeon.
             The game lasted 00:08:38 (2302 turns).

komo4ek the Charlatan (Vine Stalker Artificer)      Turns: 2302, Time: 00:08:39

Health: -4/25      AC:  4    Str: 15    XL:     5   Next: 48%
Magic:  0/10       EV: 12    Int: 12    God:
Gold:   38         SH:  0    Dex: 14    Spells: 4/4 levels left

rFire    . . .     SeeInvis .   o - +0 hunting sling
rCold    . . .     Gourm    .   (no shield)
rNeg     . . .     Faith    .   r - +2 robe {MR+}
rPois    .         Spirit   +   (no helmet)
rElec    .         Reflect  .   (no cloak)
rCorr    +         Harm     .   (no gloves)
MR       +....                  (no boots)
Stlth    ++........             (no amulet)
HPRegen  0.48/turn              h - ring of resist corrosion
MPRegen  0.12/turn              (no ring)

@: drained
A: fangs 2, regeneration 1, magic shield, antimagic bite, no potion heal 3, rot
immunity
a: no special abilities


You were on level 2 of the Dungeon.
You were not hungry.

You visited 1 branch of the dungeon, and saw 3 of its levels.

You collected 38 gold pieces.

Inventory:

Hand Weapons
 a - a +0 short sword
 o - a +0 hunting sling (weapon)
Missiles
 c - 16 sling bullets
 t - 23 stones (quivered)
Armour
 b - a +0 leather armour
 r - a +2 robe of magic resistance (worn)
Jewellery
 h - a ring of resist corrosion (left hand)
Wands
 d - a wand of enslavement (11)
 e - a wand of random effects (2)
Scrolls
 i - a scroll of identify {unknown}
 j - a scroll of teleportation {unknown}
 k - a scroll of enchant weapon {unknown}
 m - 3 scrolls of remove curse {unknown}
Potions
 g - a potion of mutation {unknown}
 l - a potion of heal wounds {unknown}
 n - a potion of cancellation {unknown}
 p - a potion of agility {unknown}
 s - a potion of curing {unknown}
Comestibles
 f - 4 rations


   Skills:
 - Level 0.8(0.3) Fighting
 - Level 0.8(0.3) Short Blades
 - Level 1.5(1.0) Dodging
 + Level 1.8(1.3) Stealth
 + Level 5.3(4.7) Evocations


You had 4 spell levels left.
You didn't know any spells.

Dungeon Overview and Level Annotations

Branches:
Dungeon (3/15)

Altars:

Annotations:
D:2 Crazy Yiuf


Innate Abilities, Weirdness & Mutations

You have extremely sharp teeth.
Your natural rate of healing is unusually fast.
When hurt, damage is shared between your health and your magic reserves.
Your bite disrupts and absorbs the magic of your enemies.
Potions cannot restore your health.
You are immune to rotting.


Message History

You feel your power leaking away.
Firing (i - inventory. (,) - cycle):
t - 26 stones (quivered)
Press: ? - help, Shift-Dir - straight line, f/p - Crazy Yiuf
Aim: Crazy Yiuf, wielding a quarterstaff of chaos and wearing a glowing cloak (severely wounded)
You shoot a stone.
The stone hits Crazy Yiuf but does no damage.
Crazy Yiuf is severely wounded.
Crazy Yiuf barely misses you.
Firing (i - inventory. (,) - cycle):
t - 25 stones (quivered)
Press: ? - help, Shift-Dir - straight line, f/p - Crazy Yiuf
Aim: Crazy Yiuf, wielding a quarterstaff of chaos and wearing a glowing cloak (heavily wounded)
You shoot a stone. The stone closely misses Crazy Yiuf.
Crazy Yiuf barely misses you.
Firing (i - inventory. (,) - cycle):
t - 24 stones (quivered)
Press: ? - help, Shift-Dir - straight line, f/p - Crazy Yiuf
Aim: Crazy Yiuf, wielding a quarterstaff of chaos and wearing a glowing cloak (heavily wounded)
You shoot a stone. The stone closely misses Crazy Yiuf.
Crazy Yiuf completely misses you.
Crazy Yiuf hits you with a quarterstaff of chaos!
You die...

.................###.## #....#
#######...............#####....##
#.########.###..##......##.
#######.# #.###..##)#......#
........########......##.#.#.#.##
#########..............)...#...##
#.#######.###.######..#.# #.#
###.###.######...##
#.#####g@.....##.......##
#...........####.#####..# #####
#######<#.#.####.# #... ....#
#.#........# #... ###.#
#.###.####.# #.#. #.# #.###.##
#.#####.#. #.# #.##...#
#.......>. ###.#
#.##.#.#########.## ....#
#รท...#.......# #.#


You could see Crazy Yiuf.

Vanquished Creatures
  Jessica (D:2)
  Natasha (thrice) (D:2)
  3 adders (D:2)
  A worm (D:2)
  A dart slug (D:1)
  2 leopard geckos
  A giant cockroach (D:2)
  5 hobgoblins (D:1)
  2 jackals (D:1)
  A quokka (D:2)
  A ball python (D:2)
  7 bats
  5 frilled lizards
  3 goblins
  3 kobolds
  6 rats
45 creatures vanquished.

Vanquished Creatures (others)
  A worm (D:2)
  A hobgoblin (D:2)
2 creatures vanquished.

Grand Total: 47 creatures vanquished

Notes
Turn   | Place    | Note
-------+----------+-------------------------------------------
     0 | D:1      | komo4ek the Vine Stalker Artificer began the quest for the Orb.
     0 | D:1      | Reached XP level 1. HP: 9/9 MP: 3/3
    74 | D:1      | Reached skill level 3 in Evocations
   129 | D:1      | Reached XP level 2. HP: 13/14 MP: 3/5
   884 | D:1      | Reached XP level 3. HP: 15/17 MP: 6/6
  1172 | D:2      | Found a runed door.
  1271 | D:2      | Reached skill level 4 in Evocations
  1322 | D:2      | Noticed Jessica
  1327 | D:2      | Killed Jessica
  1327 | D:2      | Gained mutation: Your natural rate of healing is unusually fast. [Vine Stalker growth]
  1327 | D:2      | Reached XP level 4. HP: 8/21 MP: 3/8
  1548 | D:2      | Noticed Natasha
  1557 | D:2      | Killed Natasha
  1791 | D:2      | Reached skill level 5 in Evocations
  1791 | D:2      | Reached XP level 5. HP: 22/25 MP: 7/9
  1843 | D:2      | Noticed Natasha
  1845 | D:2      | Killed Natasha
  1889 | D:2      | Noticed Natasha
  1892 | D:2      | Killed Natasha
  2027 | D:2      | Noticed Crazy Yiuf
  2156 | D:2      | HP: 1/25 [something (1)]
  2302 | D:2      | Slain by Crazy Yiuf

Skill      XL: |  1  2  3  4 |
---------------+-------------+-----
Evocations     | 3 4 5 |  5.3
Fighting       | |  0.8
Short Blades   | |  0.8
Dodging        | |  1.5
Stealth        | |  1.8

Action                   |  1- 3 |  4- 6 || total
-------------------------+-------+-------++-------
Melee: Short sword       |    99 |    32 ||   131
       Bite              |    27 |     7 ||    34
 Fire: Hunting sling     |       |    23 ||    23
Evoke: Wand              |     6 |    26 ||    32
 Stab: Sleeping          |     1 |     1 ||     2
  Eat: Chunk             |     1 |     3 ||     4
Armor: Leather armour    |    25 |       ||    25
       Robe              |       |    19 ||    19
Dodge: Dodged            |    75 |    49 ||   124
